AoeStats
← Snakett

Fortress

509653743Analyzed
2v2 RM · 4d ago on Sep 27, 2026· 85m 0s· 4 players
Game mode
Random Map
Map size
Normal (6 player)
Population
200
Speed
Normal
Resources
Standard
Victory
Conquest
Starting age
Dark Age
Ending age
Imperial Age
RankedLock teamsTeams togetherTeam positionsShared explorationLock speedFull tech treeHidden civsTurbo modeCheats
Victory
Defeat
🇵🇪 Mongols · Peru
1067
+16
🇵🇪 Cumans · Peru
1066
+15
🇨🇳 Franks · China
1078
-16
🇨🇳 Persians · China
1039
-15
2288741
0:53 Loom
8:22 Feudal Age
10:48 Gold Mining
13:14 Castle Age
11:43 Horse Collar
11:51 Double-Bit Axe
12:59 Stone Mining
14:08 Heavy Plow
19:04 Wheelbarrow
20:05 Bow Saw
26:20 Imperial Age
24:44 Crossbowman
25:33 Kamandaran
26:07 Hand Cart
26:40 Padded Archer Armor
26:31 Fletching
27:43 Ballistics
28:26 Gold Shaft Mining
28:57 Conscription
28:45 Town Watch
30:20 Two-Man Saw
29:53 Crop Rotation
30:47 Chemistry
30:47 Thumb Ring
32:26 Leather Archer Armor
32:06 Bodkin Arrow
34:48 Ring Archer Armor
34:29 Forging
34:25 Scale Barding Armor
47:00 Iron Casting
46:45 Chain Barding Armor
51:21 Man-at-Arms
52:07 Elite War Elephant
56:39 Town Patrol
65:43 Citadels
67:57 Blast Furnace
67:33 Plate Barding Armor
72:39 Light Cavalry
73:29 Bloodlines
Noob_Forever
8:03 Feudal Age
13:11 Castle Age
11:06 Double-Bit Axe
11:40 Loom
12:06 Gold Mining
15:27 Husbandry
15:48 Bow Saw
23:46 Imperial Age
23:36 Gold Shaft Mining
22:52 Stone Mining
23:34 Scale Barding Armor
23:40 Forging
25:31 Wheelbarrow
26:07 Cavalier
28:16 Hand Cart
28:14 Pikeman
28:55 Squires
29:01 Town Watch
29:39 Chain Barding Armor
29:54 Iron Casting
29:45 Halberdier
31:13 Paladin
33:36 Conscription
33:37 Chivalry
34:13 Scale Mail Armor
35:18 Blast Furnace
34:54 Plate Barding Armor
34:20 Scale Mail Armor
35:47 Town Patrol
37:37 Fletching
37:47 Padded Archer Armor
42:03 Bodkin Arrow
42:24 Leather Archer Armor
42:58 Elite Skirmisher
44:18 Arson
45:56 Light Cavalry
47:10 Ballistics
47:50 Chemistry
47:01 Masonry
46:49 Murder Holes
46:35 Treadmill Crane
53:43 Chain Mail Armor
55:45 Siege Engineers
56:10 Architecture
56:19 Hoardings
61:48 Herbal Medicine
80:25 Plate Mail Armor
ShalonPe
5:41 Feudal Age
7:00 Double-Bit Axe
7:38 Horse Collar
13:28 Castle Age
12:47 Gold Mining
14:36 Bow Saw
15:08 Gold Shaft Mining
14:37 Heavy Plow
15:35 Nomads
20:54 Loom
24:27 Wheelbarrow
23:38 Town Watch
24:06 Stone Mining
28:09 Imperial Age
27:10 Hand Cart
26:56 Town Patrol
27:39 Husbandry
27:52 Forging
27:48 Scale Barding Armor
27:57 Bloodlines
29:20 Conscription
28:23 Capped Ram
29:51 Stone Shaft Mining
30:09 Drill
29:15 Pikeman
29:55 Squires
29:23 Heavy Camel Rider
29:27 Elite Steppe Lancer
31:02 Iron Casting
30:27 Scale Mail Armor
30:48 Chain Barding Armor
31:13 Siege Ram
32:30 Arson
51:15 Murder Holes
51:42 Ballistics
52:23 Chemistry
55:46 Masonry
55:47 Fortified Wall
55:43 Siege Engineers
57:43 Elite Skirmisher
59:10 Guard Tower
60:17 Fletching
60:28 Padded Archer Armor
61:30 Blast Furnace
60:45 Chain Mail Armor
81:39 Bodkin Arrow
81:59 Leather Archer Armor
82:15 Plate Mail Armor
Snakett
6:09 Feudal Age
9:07 Double-Bit Axe
9:16 Horse Collar
13:21 Gold Mining
18:58 Castle Age
17:40 Wheelbarrow
21:02 Hand Cart
23:22 Imperial Age
20:56 Pikeman
22:14 Squires
22:29 Forging
22:20 Scale Mail Armor
23:13 Gold Shaft Mining
22:39 Loom
22:46 Arson
23:04 Stone Mining
23:30 Bow Saw
24:39 Conscription
25:40 Heavy Plow
25:32 Cavalier
27:06 Crop Rotation
27:41 Two-Man Saw
26:36 Halberdier
27:56 Iron Casting
27:37 Chain Mail Armor
27:39 Bloodlines
26:50 Light Cavalry
31:20 Elite Skirmisher
33:17 Blast Furnace
33:19 Plate Mail Armor
33:56 Ballistics
33:27 Heated Shot
37:09 Fletching
37:22 Padded Archer Armor
37:20 Murder Holes
45:37 Bodkin Arrow
46:30 Steppe Husbandry
47:02 Hussar
48:03 Scale Barding Armor
52:44 Chain Barding Armor
54:25 Town Watch
59:15 Plate Barding Armor
65:22 Leather Archer Armor
Connection lost

Rejoining the realm…

Still unreachable

The connection could not be restored.

Session expired

The server has moved on; the page needs a fresh start.